 Dungeon Crawl Stone Soup version 0.23.2-30-g0e89c35649 (webtiles) character file.

Game seed: 9204069395298227117

776 diana the Cudgeler (level 7, -4/44 HPs)
             Began as a Gargoyle Fighter on June 8, 2019.
             Slain by Blork the orc
             ... wielding a +0 battleaxe
              (7 damage)
             ... on level 4 of the Dungeon.
             The game lasted 00:05:56 (3211 turns).

diana the Cudgeler (Gargoyle Fighter)               Turns: 3211, Time: 00:05:56

Health: -4/44      AC: 14    Str: 21    XL:     7   Next: 84%
Magic:  7/7        EV: 10    Int:  8    God:
Gold:   136        SH: 11    Dex: 20    Spells: 6/6 levels left

rFire    . . .     SeeInvis .   j - +3 whip
rCold    . . .     Gourm    .   c - +0 shield
rNeg     + . .     Faith    .   v - +0 chain mail
rPois    ∞         Spirit   .   (no helmet)
rElec    +         Reflect  .   (no cloak)
rCorr    .         Harm     .   (no gloves)
MR       .....                  (no boots)
Stlth    ..........             (no amulet)
HPRegen  0.14/turn              i - +5 ring of dexterity
MPRegen  0.10/turn              (no ring)

@: agile
A: negative energy resistance 1, electricity resistance, unbreathing,
petrification resistance, rot immunity, AC +4
a: no special abilities


You were on level 4 of the Dungeon.
You were very hungry.

You visited 1 branch of the dungeon, and saw 4 of its levels.

You collected 136 gold pieces.

Inventory:

Hand Weapons
 j - a +3 whip (weapon)
Armour
 b - a +0 scale mail
 c - a +0 shield (worn)
 v - a +0 chain mail (worn)
 x - a +2 leather armour of cold resistance
Jewellery
 i - a +5 ring of dexterity (left hand)
 u - an uncursed ring of resist corrosion {unknown}
Scrolls
 a - 3 scrolls of teleportation {unknown}
 g - 3 scrolls of immolation {unknown}
 h - a scroll of blinking {unknown}
 m - 5 scrolls of identify {unknown}
 o - a scroll of magic mapping {unknown}
 q - a scroll of remove curse {unknown}
 t - a scroll of noise {unknown}
Potions
 d - 3 potions of might
 e - a potion of berserk rage {unknown}
 k - a potion of agility
 p - a potion of invisibility {unknown}
 r - 2 potions of brilliance {unknown}
 s - 2 potions of degeneration {unknown}
Comestibles
 f - 6 rations


   Skills:
 + Level 5.3 Fighting
 * Level 5.6 Maces & Flails
 + Level 5.1 Armour
 + Level 5.3 Shields


You had 6 spell levels left.
You didn't know any spells.
Your spell library contained the following spells:

 Spells                   Type           Power        Failure   Level  Hunger
 Animate Skeleton         Necr           N/A          100%        1    ##.....
 Pain                     Necr           #...         100%        1    ##.....
 Regeneration             Chrm/Necr      #.........   100%        3    ####...
 Vampiric Draining        Necr           #.........   100%        3    ####...
 Animate Dead             Necr           N/A          100%        4    #####..


Dungeon Overview and Level Annotations

Branches:
Dungeon (4/15)
 Temple: D:4-7

Altars:
Makhleb
Qazlal
Uskayaw

Annotations:
D:4 Blork the orc


Innate Abilities, Weirdness & Mutations

You are resistant to torment.
Your stone body is resilient. (AC +4)
You are immune to poison.
You resist negative energy. (rN+)
You are resistant to electric shocks. (rElec)
You can survive without breathing.
You are immune to petrification.
You are immune to rotting.


Message History

You barely miss something. Something hits you.
* * * LOW HITPOINT WARNING * * *
You closely miss something.
You hear some strange, mumbled words.
Your shield prevents you from hitting something.
You hit something but do no damage.
You hear some strange, mumbled words.
A puff of frost appears from out of thin air!
The puff of frost hits you but does no damage.
Something hits you but does no damage.
You closely miss something. Something hits you.
* * * LOW HITPOINT WARNING * * *
You whack something! You hit something. Something hits you but does no damage.
You closely miss something. Something hits you but does no damage.
You hear some strange, mumbled words.
A magic dart appears from out of thin air!
The magic dart hits you but does no damage.
You hit something but do no damage. Something hits you!
You die...

..........%.#
#...........#
#..........#
#..........#
#.........#
#........#
#.){)....##
#)@).....#
##.....#.... .
##....##... ..
##....###..#
...###....## #..#
.#.......#####.#
.........###...#
#####.........#
###............##


There were no monsters in sight!

Vanquished Creatures
  Eustachio (D:4)
  A black bear (D:4)
  2 scorpions (D:4)
  2 hounds (D:4)
  An orc wizard (D:4)
  An orc priest (D:4)
  Natasha (twice) (D:4)
  2 worker ants (D:4)
  3 adders
  8 gnolls
  2 oozes
  A worm (D:3)
  5 dart slugs
  4 leopard geckos
  15 orcs
  2 ball pythons (D:1)
  A giant cockroach (D:2)
  9 goblins
  7 hobgoblins
  11 kobolds
  2 quokkas
  11 bats
  9 frilled lizards
  A jackal skeleton (D:4)
  10 rats
113 creatures vanquished.

Notes
Turn   | Place    | Note
-------+----------+-------------------------------------------
     0 | D:1      | diana the Gargoyle Fighter began the quest for the Orb.
     0 | D:1      | Reached XP level 1. HP: 14/14 MP: 1/1
    29 | D:1      | Reached XP level 2. HP: 18/19 MP: 2/2
   313 | D:1      | Reached XP level 3. HP: 23/23 MP: 3/3
   930 | D:2      | Reached XP level 4. HP: 28/29 MP: 4/4
  1678 | D:3      | Reached XP level 5. HP: 29/33 MP: 5/5
  1783 | D:3      | Found a hide-covered altar of Uskayaw.
  2252 | D:4      | Reached XP level 6. HP: 15/39 MP: 6/6
  2605 | D:4      | Noticed a black bear
  2617 | D:4      | Killed a black bear
  2617 | D:4      | Reached XP level 7. HP: 33/44 MP: 7/7
  2623 | D:4      | Noticed Natasha
  2633 | D:4      | Killed Natasha
  2660 | D:4      | Found a burning altar of Makhleb.
  2673 | D:4      | Reached skill level 5 in Maces & Flails
  2684 | D:4      | Noticed Eustachio
  2720 | D:4      | Killed Eustachio
  2720 | D:4      | Reached skill level 5 in Fighting
  2720 | D:4      | Reached skill level 5 in Armour
  2720 | D:4      | Reached skill level 5 in Shields
  2965 | D:4      | Noticed Natasha
  2978 | D:4      | Killed Natasha
  3054 | D:4      | Found a stormy altar of Qazlal.
  3161 | D:4      | Noticed Blork the orc
  3182 | D:4      | HP: 2/44 [something (8)]
  3195 | D:4      | HP: 1/44 [something (11)]
  3211 | D:4      | Slain by Blork the orc

Skill      XL: |  1  2  3  4  5  6  7 |
---------------+----------------------+-----
Maces & Flails | 3 4 5 |  5.6
Fighting       | 4 5 |  5.3
Shields        | 4 5 |  5.3
Armour         | 4 5 |  5.1

Action                   |  1- 3 |  4- 6 |  7- 9 || total
-------------------------+-------+-------+-------++-------
Melee: Flail             |    58 |       |       ||    58
       Whip              |    60 |   194 |   117 ||   371
  Use: Potion            |       |       |     6 ||     6
  Eat: Chunk             |       |     5 |     2 ||     7
Armor: Scale mail        |    73 |    77 |       ||   150
       Chain mail        |       |    17 |    79 ||    96
Dodge: Dodged            |    31 |    56 |    25 ||   112
Block: Shield            |    61 |   119 |    75 ||   255
